TOP OF THE 1ST |
Surrey Sinners batting - Pitching for Chula Vista Tacos : RHP Manuel González
|
Pitching: RHP Manuel González
|
|
Batting: RHB Eugene Booth
|
0-0: Called Strike 0-1: Ball 1-1: Ball 2-1: Ball 3-1: Base on Balls
|
Batting: LHB Jorge Martínez
|
0-0: Ball 1-0: Foul Ball, location: 2F 1-1: Ball 2-1: Fielders Choice at 2nd, 6-4 (Groundball, 6)
|
Batting: LHB Randy Wiggins
|
0-0: Ball 1-0: Called Strike Jorge Martínez steals 2nd base 1-1: Fly out, F7 (Flyball, 7LD) Runner from 2nd tags up, SAFE at 3rd, no throw
|
Batting: LHB Juan Hinojosa
|
0-0: Called Strike 0-1: Ball 1-1: Ball 2-1: Fly out, F8 (Flyball, 8RXD)
|
Top of the 1st over - 0 run(s), 0 hit(s), 0 error(s), 1 left on base; Surrey 0 - Chula Vista 0 |
BOTTOM OF THE 1ST |
Chula Vista Tacos batting - Pitching for Surrey Sinners : LHP Sebastián Cervantes
|
Pitching: LHP Sebastián Cervantes
|
|
Batting: LHB Joe Baker
|
0-0: Ball 1-0: Ball 2-0: Called Strike 2-1: Ball 3-1: Base on Balls
|
Batting: RHB Juan Morales
|
0-0: Ball Throwing error on steal attempt, E2 Joe Baker to third 1-0: Ball 2-0: Called Strike 2-1: Ground out 4-3 (Groundball, 4) Joe Baker scores
|
Batting: LHB Michael Myers
|
0-0: Fly out, F3 (Line Drive, 3)
|
Batting: RHB Javier González
|
0-0: Ground out 6-3 (Groundball, 6)
|
Bottom of the 1st over - 1 run(s), 0 hit(s), 1 error(s), 0 left on base; Surrey 0 - Chula Vista 1 |
TOP OF THE 2ND |
Surrey Sinners batting - Pitching for Chula Vista Tacos : RHP Manuel González
|
Now in CF: Juan Morales
|
|
Batting: LHB José Blanco
|
0-0: Ball 1-0: Foul Ball, location: 2F 1-1: Called Strike 1-2: Ball 2-2: Foul Ball, location: 2F 2-2: Strikes out swinging
|
Batting: RHB Ricardo Deleón
|
0-0: Ball 1-0: Ball 2-0: Ball 3-0: Base on Balls
|
Batting: RHB Roberto Ybarra
|
0-0: Ball 1-0: Ball 2-0: Foul Ball, location: 2F 2-1: Foul Ball, location: 2F 2-2: Strikes out swinging
|
Batting: LHB Robert Atkins
|
0-0: Ball 1-0: Foul Ball, location: 2F 1-1: Called Strike 1-2: Strikes out swinging
|
Top of the 2nd over - 0 run(s), 0 hit(s), 0 error(s), 1 left on base; Surrey 0 - Chula Vista 1 |
BOTTOM OF THE 2ND |
Chula Vista Tacos batting - Pitching for Surrey Sinners : LHP Sebastián Cervantes
|
Batting: RHB Ray Rogers
|
0-0: Swinging Strike 0-1: Swinging Strike 0-2: Ball 1-2: SINGLE (Groundball, 6MD)
|
Batting: RHB Gerald Davis
|
0-0: Called Strike 0-1: Fly out, F3 (Line Drive, 3F) Lined into DP, U3 (Line Drive, 3F)
|
Batting: LHB Gonzalo Benítez
|
0-0: Ball 1-0: SINGLE (Flyball, 8LS)
|
Batting: RHB Jake Reeves
|
0-0: Called Strike 0-1: Ball 1-1: Ball 2-1: Ball 3-1: Foul Ball, location: 2F 3-2: Base on Balls Gonzalo Benítez to second
|
Batting: RHB Dave King
|
0-0: Called Strike Gonzalo Benítez steals 3rd base Jake Reeves to second 0-1: Ground out U3 (Groundball, 3L)
|
Bottom of the 2nd over - 0 run(s), 2 hit(s), 0 error(s), 2 left on base; Surrey 0 - Chula Vista 1 |
TOP OF THE 3RD |
Surrey Sinners batting - Pitching for Chula Vista Tacos : RHP Manuel González
|
Batting: LHB Francisco Chavero
|
0-0: Called Strike 0-1: SINGLE (Groundball, 56D)
|
Batting: RHB Eugene Booth
|
0-0: Called Strike 0-1: Swinging Strike 0-2: Ball 1-2: Strikes out swinging
|
Batting: LHB Jorge Martínez
|
0-0: SINGLE (Line Drive, 6D) Francisco Chavero to second
|
Batting: LHB Randy Wiggins
|
0-0: Called Strike 0-1: Ball 1-1: Foul Ball, location: 2F 1-2: Strikes out swinging
|
Batting: LHB Juan Hinojosa
|
0-0: Ball 1-0: Foul Ball, location: 2F 1-1: Ball 2-1: Fly out, F7 (Flyball, 7LS)
|
Top of the 3rd over - 0 run(s), 2 hit(s), 0 error(s), 2 left on base; Surrey 0 - Chula Vista 1 |
BOTTOM OF THE 3RD |
Chula Vista Tacos batting - Pitching for Surrey Sinners : LHP Sebastián Cervantes
|
Batting: LHB Joe Baker
|
0-0: Ball 1-0: Called Strike 1-1: Ball 2-1: Swinging Strike 2-2: Ball 3-2: Strikes out swinging
|
Batting: RHB Juan Morales
|
0-0: Called Strike 0-1: Ball 1-1: Called Strike 1-2: Ball 2-2: DOUBLE (Line Drive, 3D)
|
Batting: LHB Michael Myers
|
0-0: Ball 1-0: Ball 2-0: Called Strike 2-1: Fly out, F7 (Flyball, 7S)
|
Batting: RHB Javier González
|
0-0: Called Strike 0-1: Called Strike 0-2: Ball 1-2: SINGLE (Line Drive, 56D) Juan Morales to third Runner from 3rd tries for Home, SAFE, no throw
|
Batting: RHB Ray Rogers
|
0-0: Ball 1-0: Foul Ball, location: 2F 1-1: Foul Ball, location: 2F 1-2: Foul Ball, location: 2F 1-2: Strikes out swinging
|
Bottom of the 3rd over - 1 run(s), 2 hit(s), 0 error(s), 1 left on base; Surrey 0 - Chula Vista 2 |
TOP OF THE 4TH |
Surrey Sinners batting - Pitching for Chula Vista Tacos : RHP Manuel González
|
Batting: LHB José Blanco
|
0-0: Called Strike 0-1: Reached on error, E3 (Groundball, 34)
|
Batting: RHB Ricardo Deleón
|
0-0: Ball 1-0: Swinging Strike 1-1: Grounds into double play, 6-4-3 (Groundball, 6)
|
Batting: RHB Roberto Ybarra
|
0-0: Called Strike 0-1: Foul Ball, location: 2F 0-2: Ball 1-2: Foul Ball, location: 2F 1-2: Ball 2-2: Foul Ball, location: 2F 2-2: Fly out, F8 (Line Drive, 78D)
|
Top of the 4th over - 0 run(s), 0 hit(s), 1 error(s), 0 left on base; Surrey 0 - Chula Vista 2 |
BOTTOM OF THE 4TH |
Chula Vista Tacos batting - Pitching for Surrey Sinners : LHP Sebastián Cervantes
|
Batting: RHB Gerald Davis
|
0-0: Foul Ball, location: 2F 0-1: Ball 1-1: Ball 2-1: Ball 3-1: Fly out, F5 (Popup, 5S)
|
Batting: LHB Gonzalo Benítez
|
0-0: Ball 1-0: Ball 2-0: Ground out 4-3 (Groundball, 4)
|
Batting: RHB Jake Reeves
|
0-0: Fly out, F4 (Popup, 4D)
|
Bottom of the 4th over - 0 run(s), 0 hit(s), 0 error(s), 0 left on base; Surrey 0 - Chula Vista 2 |
TOP OF THE 5TH |
Surrey Sinners batting - Pitching for Chula Vista Tacos : RHP Manuel González
|
Batting: LHB Robert Atkins
|
0-0: Fly out, F7 (Flyball, 78M)
|
Batting: LHB Francisco Chavero
|
0-0: Ball 1-0: Foul Ball, location: 2F 1-1: Called Strike 1-2: Ground out 6-3 (Groundball, 6S)
|
Batting: RHB Eugene Booth
|
0-0: Fly out, F4 (Line Drive, 4M)
|
Top of the 5th over - 0 run(s), 0 hit(s), 0 error(s), 0 left on base; Surrey 0 - Chula Vista 2 |
BOTTOM OF THE 5TH |
Chula Vista Tacos batting - Pitching for Surrey Sinners : LHP Sebastián Cervantes
|
Batting: RHB Dave King
|
0-0: Ball 1-0: Ball 2-0: Ball 3-0: Called Strike 3-1: Base on Balls
|
Batting: LHB Joe Baker
|
0-0: Ball Pickoff Throw by Catcher to First - Out! 1-0: Called Strike 1-1: Ball 2-1: Called Strike 2-2: Ball 3-2: Strikes out swinging
|
Batting: RHB Juan Morales
|
0-0: Ball 1-0: SINGLE (Line Drive, 78S)
|
Batting: LHB Michael Myers
|
0-0: Foul Ball, location: 2F 0-1: Foul Ball, location: 2F 0-2: Strikes out looking
|
Bottom of the 5th over - 0 run(s), 1 hit(s), 0 error(s), 1 left on base; Surrey 0 - Chula Vista 2 |
TOP OF THE 6TH |
Surrey Sinners batting - Pitching for Chula Vista Tacos : RHP Manuel González
|
Batting: LHB Jorge Martínez
|
0-0: Ball 1-0: Ground out 4-3 (Groundball, 4)
|
Batting: LHB Randy Wiggins
|
0-0: Foul Ball, location: 2F 0-1: Ball 1-1: Foul Ball, location: 2F 1-2: Foul Ball, location: 2F 1-2: Foul Ball, location: 2F 1-2: Ball 2-2: Ground out 4-3 (Groundball, 34)
|
Batting: LHB Juan Hinojosa
|
0-0: Called Strike 0-1: Ball 1-1: Ball 2-1: Foul Ball, location: 2F 2-2: Foul Ball, location: 2F 2-2: Ball 3-2: Base on Balls
|
Batting: LHB José Blanco
|
0-0: Ball 1-0: Ball 2-0: Swinging Strike 2-1: Ball 3-1: Foul Ball, location: 2F 3-2: Strikes out swinging passed ball, reaches first! Juan Hinojosa to second
|
Pitching: LHP Brock Saunders
|
|
Batting: RHB Ricardo Deleón
|
0-0: Ball 1-0: Ball 2-0: Called Strike 2-1: Foul Ball, location: 2F 2-2: Ball 3-2: Base on Balls Juan Hinojosa to third José Blanco to second
|
Batting: RHB Roberto Ybarra
|
0-0: Swinging Strike 0-1: Fly out, F8 (Flyball, 8LM)
|
Top of the 6th over - 0 run(s), 0 hit(s), 0 error(s), 3 left on base; Surrey 0 - Chula Vista 2 |
BOTTOM OF THE 6TH |
Chula Vista Tacos batting - Pitching for Surrey Sinners : LHP Sebastián Cervantes
|
Batting: RHB Javier González
|
0-0: Ball 1-0: Called Strike 1-1: Ball 2-1: Ball 3-1: Base on Balls
|
Batting: RHB Ray Rogers
|
0-0: Ball 1-0: Ball 2-0: Ball 3-0: Base on Balls Javier González to second
|
Pitching: LHP Jason Reece
|
|
Batting: RHB Gerald Davis
|
0-0: Ball 1-0: Called Strike 1-1: Grounds into double play, 6-4-3 (Groundball, 6) Javier González to third
|
Batting: LHB Gonzalo Benítez
|
0-0: Called Strike 0-1: Foul Ball, location: 2F 0-2: Ball 1-2: Ball 2-2: Fly out, F9 (Flyball, 9S)
|
Bottom of the 6th over - 0 run(s), 0 hit(s), 0 error(s), 1 left on base; Surrey 0 - Chula Vista 2 |
TOP OF THE 7TH |
Surrey Sinners batting - Pitching for Chula Vista Tacos : LHP Brock Saunders
|
Batting: LHB Robert Atkins
|
0-0: Foul Ball, location: 2F 0-1: Ball 1-1: Foul Ball, location: 2F 1-2: Strikes out swinging, 2-3 out at first.
|
Pitching: RHP Bobby Booker
|
|
Batting: LHB Francisco Chavero
|
0-0: Foul Ball, location: 2F 0-1: Foul Ball, location: 2F 0-2: Ground out 4-3 (Groundball, 4)
|
Batting: RHB Eugene Booth
|
0-0: Ball 1-0: Called Strike 1-1: Ball 2-1: Called Strike 2-2: Ball 3-2: Ground out 1-3 (Groundball, P)
|
Top of the 7th over - 0 run(s), 0 hit(s), 0 error(s), 0 left on base; Surrey 0 - Chula Vista 2 |
BOTTOM OF THE 7TH |
Chula Vista Tacos batting - Pitching for Surrey Sinners : LHP Jason Reece
|
Batting: RHB Jake Reeves
|
0-0: Called Strike 0-1: Ball 1-1: Called Strike 1-2: Ball 2-2: Strikes out looking
|
Batting: RHB Dave King
|
0-0: Called Strike 0-1: SOLO HOME RUN (Flyball, 9D), Distance : 404 ft
|
Batting: LHB Joe Baker
|
0-0: Ball 1-0: SOLO HOME RUN (Flyball, 89XD), Distance : 421 ft
|
Pitching: RHP Juan Fonseca
|
|
Batting: RHB Juan Morales
|
0-0: Called Strike 0-1: Ball 1-1: Ball 2-1: SINGLE (Line Drive, 89S)
|
Batting: LHB Michael Myers
|
0-0: Ball 1-0: Foul Ball, location: 2F 1-1: Ball 2-1: Ball Juan Morales is caught stealing 2nd base 3-1: Called Strike 3-2: Foul Ball, location: 2F 3-2: Foul Ball, location: 2F 3-2: Ground out 4-3 (Groundball, 4)
|
Bottom of the 7th over - 2 run(s), 3 hit(s), 0 error(s), 0 left on base; Surrey 0 - Chula Vista 4 |
TOP OF THE 8TH |
Surrey Sinners batting - Pitching for Chula Vista Tacos : RHP Bobby Booker
|
Batting: LHB Jorge Martínez
|
0-0: Ball 1-0: Ball 2-0: Called Strike 2-1: Ball 3-1: SINGLE (Groundball, 3) (infield hit)
|
Batting: LHB Randy Wiggins
|
0-0: Foul Ball, location: 2F 0-1: Ball 1-1: Foul Ball, location: 2F 1-2: Ball 2-2: Foul Ball, location: 2F 2-2: Foul Ball, location: 2F 2-2: Foul Ball, location: 2F 2-2: Ball 3-2: Base on Balls Jorge Martínez to second
|
Pitching: LHP Alonso Parrish
|
|
Batting: LHB Juan Hinojosa
|
0-0: Called Strike 0-1: Called Strike 0-2: Ball 1-2: SINGLE (Groundball, 6) (infield hit) Jorge Martínez to third Randy Wiggins to second
|
Pitching: LHP Alejandro Flores
|
|
Batting: LHB José Blanco
|
0-0: Ball 1-0: Ground out 3-1 (Groundball, 23) Jorge Martínez scores Randy Wiggins to third Juan Hinojosa to second
|
Batting: RHB Ricardo Deleón
|
0-0: Called Strike 0-1: Ball 1-1: Ball 2-1: Ball 3-1: Base on Balls
|
Pitching: RHP Adrián Sandoval
|
|
Pinch Hitting: LHB Tony Smith
|
0-0: Ball 1-0: Ball 2-0: Called Strike 2-1: Swinging Strike 2-2: Ball 3-2: Base on Balls Randy Wiggins scores Juan Hinojosa to third Ricardo Deleón to second
|
Pinch Hitting: LHB Iván Espinosa
|
0-0: Foul Ball, location: 2F 0-1: Called Strike 0-2: Ball 1-2: Strikes out swinging
|
Batting: LHB Francisco Chavero
|
0-0: Called Strike 0-1: Ball 1-1: SINGLE (Groundball, 56D) Juan Hinojosa scores Ricardo Deleón to third Tony Smith to second Throwing error, E7 Ricardo Deleón scores Tony Smith to third Francisco Chavero to second
|
Batting: RHB Eugene Booth
|
0-0: Foul Ball, location: 2F 0-1: Called Strike 0-2: Strikes out swinging
|
Top of the 8th over - 4 run(s), 3 hit(s), 1 error(s), 2 left on base; Surrey 4 - Chula Vista 4 |
BOTTOM OF THE 8TH |
Chula Vista Tacos batting - Pitching for Surrey Sinners : RHP Juan Fonseca
|
Now at 1B: Tony Smith
|
|
Now at 2B: Dennis House
|
|
Pinch Hitting: LHB John White
|
0-0: Called Strike 0-1: Foul Ball, location: 2F 0-2: Ball 1-2: Foul Ball, location: 2F 1-2: Foul Ball, location: 2F 1-2: Foul Ball, location: 2F 1-2: Ground out 4-3 (Groundball, 4D)
|
Batting: RHB Ray Rogers
|
0-0: Called Strike 0-1: Ball 1-1: Foul Ball, location: 2F 1-2: Strikes out swinging
|
Pinch Hitting: LHB Jaime Icaza
|
0-0: Ground out 1-3 (Groundball, P)
|
Bottom of the 8th over - 0 run(s), 0 hit(s), 0 error(s), 0 left on base; Surrey 4 - Chula Vista 4 |
TOP OF THE 9TH |
Surrey Sinners batting - Pitching for Chula Vista Tacos : RHP Adrián Sandoval
|
Pitching: RHP Rick Hernández
|
|
Now at 2B: Michael Aisher
|
|
Now in LF: Jaime Icaza
|
|
Batting: LHB Jorge Martínez
|
0-0: Called Strike 0-1: Ground out 4-3 (Groundball, 34D)
|
Batting: LHB Randy Wiggins
|
0-0: Called Strike 0-1: Called Strike 0-2: Foul Ball, location: 2F 0-2: Foul Ball, location: 2F 0-2: Foul Ball, location: 2F 0-2: Ball 1-2: Ball 2-2: Hit by Pitch
|
Batting: LHB Juan Hinojosa
|
0-0: Ball 1-0: Called Strike 1-1: Ball 2-1: Foul Ball, location: 2F 2-2: Strikes out swinging
|
Batting: LHB José Blanco
|
0-0: Called Strike 0-1: Ball 1-1: Foul Ball, location: 2F 1-2: Ball 2-2: Ball 3-2: Strikes out swinging
|
Top of the 9th over - 0 run(s), 0 hit(s), 0 error(s), 1 left on base; Surrey 4 - Chula Vista 4 |
BOTTOM OF THE 9TH |
Chula Vista Tacos batting - Pitching for Surrey Sinners : RHP Juan Fonseca
|
Pitching: LHP Orlando Morales
|
|
Pinch Hitting: SHB Walt Rodgers
|
0-0: Called Strike 0-1: Ball 1-1: Ball 2-1: Fly out, F9 (Flyball, 89S)
|
Pitching: RHP Tomás Silva
|
|
Pinch Hitting: LHB Steven Smith
|
0-0: Swinging Strike 0-1: Called Strike 0-2: Strikes out looking
|
Batting: RHB Dave King
|
0-0: Swinging Strike 0-1: Ball 1-1: Swinging Strike 1-2: Ball 2-2: Foul Ball, location: 2F 2-2: Fly out, F6 (Popup, 6D)
|
Bottom of the 9th over - 0 run(s), 0 hit(s), 0 error(s), 0 left on base; Surrey 4 - Chula Vista 4 |
TOP OF THE 10TH |
Surrey Sinners batting - Pitching for Chula Vista Tacos : RHP Rick Hernández
|
Now at 3B: Walt Rodgers
|
|
Now in RF: Guillermo Deleón
|
|
Batting: RHB Ricardo Deleón
|
0-0: Ball 1-0: Called Strike 1-1: Ball 2-1: Swinging Strike 2-2: Foul Ball, location: 2F 2-2: Strikes out swinging, 2-3 out at first.
|
Batting: LHB Tony Smith
|
0-0: Ball 1-0: Ball 2-0: Called Strike 2-1: Ball 3-1: Foul Ball, location: 2F 3-2: Base on Balls
|
Pinch Hitting: RHB Mitchell Darragh
|
0-0: Called Strike 0-1: Ball 1-1: Swinging Strike 1-2: Strikes out looking
|
Batting: LHB Francisco Chavero
|
0-0: Ball 1-0: Foul Ball, location: 2F 1-1: Foul Ball, location: 2F 1-2: Ball 2-2: Strikes out swinging
|
Top of the 10th over - 0 run(s), 0 hit(s), 0 error(s), 1 left on base; Surrey 4 - Chula Vista 4 |
BOTTOM OF THE 10TH |
Chula Vista Tacos batting - Pitching for Surrey Sinners : RHP Tomás Silva
|
Now at 2B: Clint Younger
|
|
Batting: LHB Joe Baker
|
0-0: Ball 1-0: Ball 2-0: Called Strike 2-1: Swinging Strike 2-2: Strikes out swinging
|
Batting: RHB Juan Morales
|
0-0: Called Strike 0-1: Called Strike 0-2: Ball 1-2: Strikes out swinging
|
Batting: LHB Michael Myers
|
0-0: Called Strike 0-1: Fly out, F8 (Line Drive, 8RM)
|
Bottom of the 10th over - 0 run(s), 0 hit(s), 0 error(s), 0 left on base; Surrey 4 - Chula Vista 4 |
TOP OF THE 11TH |
Surrey Sinners batting - Pitching for Chula Vista Tacos : RHP Rick Hernández
|
Batting: RHB Eugene Booth
|
0-0: Ball 1-0: Fly out, F9 (Flyball, 9)
|
Batting: LHB Jorge Martínez
|
0-0: Swinging Strike 0-1: Ball 1-1: Swinging Strike 1-2: Ball 2-2: Strikes out swinging
|
Batting: LHB Randy Wiggins
|
0-0: Foul Ball, location: 2F 0-1: SINGLE (Groundball, 34D)
|
Batting: LHB Juan Hinojosa
|
0-0: Called Strike 0-1: Ball 1-1: Foul Ball, location: 2F 1-2: Ball 2-2: Foul Ball, location: 2F 2-2: Ball 3-2: Strikes out looking
|
Top of the 11th over - 0 run(s), 1 hit(s), 0 error(s), 1 left on base; Surrey 4 - Chula Vista 4 |
BOTTOM OF THE 11TH |
Chula Vista Tacos batting - Pitching for Surrey Sinners : RHP Tomás Silva
|
Batting: SHB Michael Aisher
|
0-0: Called Strike 0-1: Ball 1-1: Ball 2-1: Swinging Strike 2-2: Foul Ball, location: 2F 2-2: Ball 3-2: Foul Ball, location: 2F 3-2: Reached on error, E4 (Groundball, 34D)
|
Pitching: LHP Henry Brown
|
|
Batting: RHB Ray Rogers
|
0-0: Intentional Walk
|
Pinch Hitting: RHB Ron Garrett
|
0-0: SINGLE (Line Drive, 8LS) Michael Aisher to third Ray Rogers to second Runner from 3rd tries for Home, SAFE, no throw
|
Thursday, March 30th, 2017 - OOTP Baseball 17.12 Build 75
|
|